 Dungeon Sprint DCSS version 0.16-b1 (webtiles) character file.

351 Medar the Bludgeoner (level 6, -1/66 HPs)
             Began as an Ogre Chaos Knight on Mar 5, 2015.
             Slain by a deep troll (13 damage)
             ... in the Dungeon (Sprint I: "Red Sonja").
             The game lasted 00:03:26 (941 turns).

Medar the Bludgeoner (Ogre Chaos Knight)             Turns: 941, Time: 00:03:26

Health: -1/66      AC:  5    Str: 20    XL:     6   Next: 61%
Magic:  6/6        EV: 10    Int: 16    God:    Xom [..*...]
Gold:   423        SH:  0    Dex:  9    Spells: 0 memorised, 5 levels left

rFire  . . .     SeeInvis .     m - +8 morningstar "Fibbyush" {flame, Int+5}
rCold  + . .     Clarity  .     b - +2 robe
rNeg   . . .     SustAb   .     (shield restricted)
rPois  .         Gourm    .     (helmet restricted)
rElec  .         Spirit   .     (no cloak)
rCorr  .         Warding  .     (gloves unavailable)
rMut   .         NoTele   +     (boots unavailable)
MR     .....                    (no amulet)
Stlth  +.........               (no ring)
                                n - ring of protection from cold (curse)

@: not resistant to hostile enchantments, very unstealthy
A: unfitting armour, tough skin 1
a: Renounce Religion


You were in the Dungeon.
You worshipped Xom.
You were a toy of Xom.
You were hungry.

You visited 1 branch You collected 594 gold pieces.
You spent 171 gold pieces at shops.

Inventory:

Hand weapons
 a - a +0 mace of chaos
 l - a +0 giant club
 m - the +8 morningstar "Fibbyush" (weapon) {flame, Int+5}
   (You bought it in a shop in the Dungeon)

   It has been specially enchanted to burn those struck by it, causing extra
   injury to most foes and up to half again as much damage against particularly
   susceptible opponents.
   It affects your intelligence (+5).
Armour
 b - a +2 robe (worn)
Jewellery
 n - a cursed ring of protection from cold (left hand)
Magical devices
 j - a wand of flame (9)
 k - a wand of cold (0)
Scrolls
 i - a scroll of blinking
Potions
 d - 2 potions of curing {@q1}
 f - a potion of haste
 g - 2 potions of magic
 h - a potion of berserk rage {!q}
Comestibles
 c - a meat ration


   Skills:
 * Level 5.1 Fighting
 - Level 16.0 Maces & Flails
 + Level 2.0 Armour
 + Level 2.9 Dodging


You had 5 spell levels left.
You didn't know any spells.

Dungeon Overview and Level Annotations

Branches:
Dungeon (1/1)

Altars:
Elyvilon
Gozag
Kikubaaqudgha
Makhleb
Nemelex Xobeh
Okawaru
Qazlal
Ru
Sif Muna
Trog
Vehumet
Xom
Yredelemnul
Zin
The Shining One

Shops:
D *(

Annotations:
D Sonja


Innate Abilities, Weirdness & Mutations

You are too large for most types of armour.
You have tough skin (AC +1).


Message History

The deep troll is moderately wounded.
You completely miss the deep troll.
The deep troll is moderately wounded.
The deep troll bites you!! The deep troll closely misses you.
The deep troll claws you but does no damage.
You closely miss the deep troll.
The deep troll is moderately wounded.
The deep troll bites you!! The deep troll claws you.
* * * LOW HITPOINT WARNING * * *
The deep troll claws you!
* * * LOW HITPOINT WARNING * * *
Xom roars with laughter!
A shower of butterflies erupts from you!
You swap places.
Drink which item? (? for menu, Esc to quit)
You feel much better. The deep troll bites you. The deep troll claws you!
* * * LOW HITPOINT WARNING * * *
The deep troll claws you!
You die...
Xom howls with laughter!

#..').#..').#..+ ∆∆
#..#####'#####'#
#..####..#...#.# ∆∆
#..#__####..##)# ∆∆
#..#_..__##'#..+
#⌠⌠#_.∩...÷..._# ∆∆
####_..._##_(#+#
∆∆#_____###+#∆ ∆∆∆∆ ∆
############@####+###∆
∆
#∩^.......b.bT'b$.$$+∆
###++++####.b.#######
∆ .G...G####b###
G.......#.#'#.# ∆
#.G#..G..#.....# #..
....G#.(...# #G.
..#..####### #.. ....
∆∆∆∆


You could see a deep troll.

Vanquished Creatures
  A yak (D)
  An ogre (D)
  Sigmund (D)
  A jelly (D)
  Ijyb (D)
  4 ballistomycetes (D)
9 creatures vanquished.

Vanquished Creatures (others)
  A gargoyle (D)
  2 giant spores (D)
  2 butterflies (D)
5 creatures vanquished.

Grand Total: 14 creatures vanquished

Notes
Turn   | Place    | Note
--------------------------------------------------------------
     0 | D        | Medar, the Ogre Chaos Knight, began the quest for the Orb.
     0 | D        | Reached XP level 1. HP: 24/24 MP: 1/1
     1 | D        | Noticed Ijyb
     6 | D        | XOM: potion effect (berserk rage)
     9 | D        | XOM: potion effect (curing)
    10 | D        | Killed Ijyb
    10 | D        | Reached skill level 5 in Fighting
    10 | D        | Reached skill level 5 in Maces & Flails
    10 | D        | Reached XP level 2. HP: 29/35 MP: 2/2
   140 | D        | Noticed an ogre
   145 | D        | Killed an ogre
   145 | D        | Reached skill level 10 in Maces & Flails
   145 | D        | Reached XP level 3. HP: 22/42 MP: 3/3
   145 | D        | Reached XP level 4. HP: 26/50 MP: 4/4
   304 | D        | Noticed Sigmund
   313 | D        | Killed Sigmund
   313 | D        | Reached skill level 13 in Maces & Flails
   313 | D        | Reached XP level 5. HP: 57/57 MP: 5/5
   338 | D        | Found a deep blue altar of Sif Muna.
   339 | D        | Noticed a jelly
   340 | D        | Found a radiant altar of Vehumet.
   342 | D        | XOM: harmless Necr miscast
   343 | D        | Killed a jelly
   367 | D        | Found Psisepp's Antique Weapon Emporium.
   367 | D        | Found a white marble altar of Elyvilon.
   367 | D        | Found a stormy altar of Qazlal.
   367 | D        | Found a burning altar of Makhleb.
   367 | D        | Found a sacrificial altar of Ru.
   367 | D        | Found a basalt altar of Yredelemnul.
   367 | D        | Found a glowing golden altar of the Shining One.
   367 | D        | Found a sparkling altar of Nemelex Xobeh.
   367 | D        | Found a shimmering altar of Xom.
   367 | D        | Found an opulent altar of Gozag.
   367 | D        | Found an ancient bone altar of Kikubaaqudgha.
   367 | D        | Found a glowing silver altar of Zin.
   367 | D        | Noticed a yak
   370 | D        | Killed a yak
   370 | D        | Reached skill level 16 in Maces & Flails
   370 | D        | Reached XP level 6. HP: 38/66 MP: 6/6
   371 | D        | Found an iron altar of Okawaru.
   374 | D        | Found a bloodstained altar of Trog.
   378 | D        | Bought a faintly glowing morningstar for 171 gold pieces
   378 | D        | Identified the +8 morningstar "Fibbyush" {flame, Int+5} (You bought it in a shop in the Dungeon)
   502 | D        | Noticed Sonja
   560 | D        | XOM: divination: detect items
   561 | D        | Killed a gargoyle
   680 | D        | XOM: harmless Erth miscast
   725 | D        | XOM: butterfly on damage
   911 | D        | Found Idaecan's General Store.
   922 | D        | Noticed a shining eye
   922 | D        | Noticed a shining eye
   922 | D        | Noticed a shining eye
   922 | D        | Noticed a shining eye
   922 | D        | Noticed a shining eye
   934 | D        | Noticed a deep troll
   939 | D        | HP: 1/66 [deep troll (16)]
   939 | D        | XOM: butterfly on damage
   941 | D        | Slain by a deep troll

Action                   |  1- 3 |  4- 6 || total
-------------------------+-------+-------++-------
Melee: Mace              |    10 |     8 ||    18
       Giant club        |       |     4 ||     4
       Morningstar       |       |    16 ||    16
Evoke: Wand              |     2 |     2 ||     4
  Use: Potion            |       |     3 ||     3
